Connexion

WASHINGTON Capitals vs DETROIT Red Wings (R1)

Created - 11 novembre 2023 at 07:18

Goals
1 2 3 T
WASHINGTON Capitals 3 1 1 5
DETROIT Red Wings 1 2 0 3
Shots
1 2 3 T
WASHINGTON Capitals 21 5 10 36
DETROIT Red Wings 6 17 5 28

GoalsPenalties
1st period
1. DETROIT Red Wings , Nathan Mackinnon 8 (Jake DeBrusk 28, Erik Karlsson 16) at 4:05 (PP)
2. WASHINGTON Capitals , Alex Killorn 12 (Brandon Hagel 28) at 5:13
3. WASHINGTON Capitals , Joel Kiviranta 5 (Givani Smith 2, Dryden Hunt 4) at 9:59
4. WASHINGTON Capitals , Nick Jensen 3 (Jared McCann 22, Frederick Gaudreau 23) at 18:36
Dryden Hunt (WAS) for Tripping (Minor) at 3:10
Gabriel Landeskog (DET) for Roughing (Minor) at 11:19
Devon Toews (DET) for Hooking (Minor) at 16:15
Nikita Zadorov (DET) for Slashing (Minor) at 16:25
2nd period
5. WASHINGTON Capitals , Andreas Johnsson 11 (Denis Gurianov 9, Mikey Eyssimont 8) at 7:46
6. DETROIT Red Wings , Mikko Rantanen 11 (Drake Batherson 19, Morgan Rielly 24) at 8:18
7. DETROIT Red Wings , Mattias Janmark 5 (Jamie Benn 13, Erik Karlsson 17) at 11:46
Haydn Fleury (WAS) for High sticking (Minor) at 16:20
3rd period
8. WASHINGTON Capitals , Frederick Gaudreau 15 (Jared McCann 23, Joel Hanley 28) at 8:14
Jamie Benn (DET) for Hooking (Minor) at 4:55
Jamie Benn (DET) for Cross-checking (Minor) at 10:36
Goalie Stats
Jordan Binnington (WAS), 25 saves from 28 shots - (0,893), W, 20-5-5, 60:00 minutes
Elvis Merzlikins (DET), 31 saves from 36 shots - (0,861), L, 12-14-2, 60:00 minutes
3 StarsOfficial
1 - Frederick Gaudreau (WAS)
2 - Jared McCann (WAS)
3 - Nick Jensen (WAS)
Referees : Greg Kimmerly and Francois StLaurent
Linesman : Lonnie Cameron and Mark Pare
Game Note
No Game Note
Finance
Level 1 -- Attendance: 6000 (100,00%) -- Ticket Income 690 000 $
Level 2 -- Attendance: 5639 (79,80%) -- Ticket Income 422 925 $
Level 3 -- Attendance: 1999 (99,95%) -- Ticket Income 109 945 $
Level 4 -- Attendance: 4000 (100,00%) -- Ticket Income 128 000 $
Luxury Box -- Attendance: 966 (96,60%) -- Ticket Income 219 282 $
Game was played at the Joe Louis Arena.
Total Attendance: 18604 (92,71%)
Total Ticket Income: 1 570 152 $
Other Income: 314 030 $
Total Income: 1 884 182 $



Team Name Goals Shots Shots Attemp Shots Blocked PIM HIT PP PK FO%
WASHINGTON Capitals 5367044210 / 5 (0%)145%
DETROIT Red Wings 32845710231 / 2 (50%)055%

WASHINGTON Capitals
Player Name POS G A P +/- PIM HIT SHT SB MP PP MP PP SHT PK MP PK SHT FO% FOT
Aleksander BarkovC0001023023:463:3501:25050% 28
Alex KillornC/LW/RW1011026018:494:3110:33032% 22
Andreas JohnssonLW/RW101000509:510:0000:0000% 2
Brandon HagelLW0111001118:164:3110:0000% 0
Denis GurianovLW/RW0110011010:010:0000:1000% 1
Dryden HuntC/LW011120106:370:0000:00086% 7
Frederick GaudreauC/RW1121046023:433:3521:2200% 2
Givani SmithRW011100006:380:0000:0000% 0
Haydn FleuryD0001201221:163:2700:3900% 0
Jared McCannC/LW0221043022:533:3510:32067% 3
Joel HanleyD0112012025:044:3900:5900% 0
Joel KivirantaLW101100107:180:0000:4000% 0
Mikey EyssimontC/LW0110011010:350:0000:44044% 9
Nick JensenD1011032122:313:2711:5300% 0
Nikita KucherovRW0001022018:484:3120:32050% 2
Sean WalkerD0000000013:020:0000:3900% 0
Shea TheodoreD0002001024:564:3910:5100% 0
Slater KoekkoekD0000010013:000:0000:3700% 0
DETROIT Red Wings
Player Name POS G A P +/- PIM HIT SHT SB MP PP MP PP SHT PK MP PK SHT FO% FOT
Ben MeyersC/LW000000005:190:0000:0000% 0
Devon ToewsD0000232125:312:2613:1000% 0
Drake BathersonC/RW011-1062018:441:1501:40044% 16
Erik KarlssonD0220001026:232:2614:0100% 0
Gabriel LandeskogLW/RW000-1225014:100:0001:550100% 1
Jake BeanD000-2010114:140:0000:4400% 0
Jake DeBruskLW/RW011-1002021:401:3904:250100% 1
Jamie BennC/LW011-1431025:331:3903:01050% 32
Mattias JanmarkC/LW/RW101000105:190:0000:00080% 5
Mike AmadioC/LW/RW000-1003012:160:0000:00033% 3
Mikko RantanenC/LW/RW101-1002019:191:1502:15033% 3
Morgan RiellyD011-1001120:010:2813:5900% 0
Nathan MackinnonC/RW101-1003017:521:3910:370100% 3
Nikita ZadorovD000-1240318:540:2802:5200% 0
Noah GregorC000000000:000:0000:0000% 0
Sami NikuD000-2022114:550:0001:2500% 0
Tyson JostC/LW000-1011012:160:0000:00067% 12
Valeri NichushkinLW/RW000-1012017:341:1500:3000% 0



Play-by-Play

1st period


0:01 of 1st period - Aleksander Barkov wins face-off versus Jamie Benn in neutral zone.
0:04 of 1st period - Shot by Jared McCann.
0:04 of 1st period - Shot Misses the Net.
0:14 of 1st period - Shot by Joel Hanley.
0:14 of 1st period - Stopped by Elvis Merzlikins with a rebound.
0:38 of 1st period - Shot by Shea Theodore.
0:38 of 1st period - Shot Misses the Net.
0:46 of 1st period - Joel Hanley is hit by Jamie Benn and loses puck.
1:17 of 1st period - Drake Batherson is hit by Alex Killorn and loses puck.
1:30 of 1st period - Shot by Brandon Hagel.
1:30 of 1st period - Shot Misses the Net.
1:54 of 1st period - Shot by Andreas Johnsson.
1:54 of 1st period - Shot Misses the Net.
2:08 of 1st period - Valeri Nichushkin is hit by Mikey Eyssimont and loses puck.
2:17 of 1st period - Shot by Andreas Johnsson.
2:17 of 1st period - Stopped by Elvis Merzlikins with a rebound.
2:19 of 1st period - Shot by Mikey Eyssimont.
2:19 of 1st period - Shot Blocked by Nikita Zadorov.
2:21 of 1st period - Shot by Mikey Eyssimont.
2:21 of 1st period - Deflect By Denis Gurianov.
2:21 of 1st period - Shot Misses the Net.
3:10 of 1st period - Minor Penalty to Dryden Hunt for Tripping.
3:11 of 1st period - Jamie Benn wins face-off versus Frederick Gaudreau in WASHINGTON Capitals zone.
3:49 of 1st period - Shot by Devon Toews.
3:49 of 1st period - Stopped by Jordan Binnington without a rebound.
3:50 of 1st period - Jamie Benn wins face-off versus Aleksander Barkov in WASHINGTON Capitals zone.
3:57 of 1st period - Shot by Nathan Mackinnon.
3:57 of 1st period - Shot Misses the Net.
4:01 of 1st period - Shot by Erik Karlsson.
4:01 of 1st period - Stopped by Jordan Binnington with a rebound.
4:03 of 1st period - Shot by Jake DeBrusk.
4:03 of 1st period - Shot Misses the Net.
4:05 of 1st period - Shot by Jake DeBrusk.
4:05 of 1st period - Deflect By Nathan Mackinnon.
4:05 of 1st period - Goal by Nathan Mackinnon - WASHINGTON Capitals : 0 - DETROIT Red Wings : 1.
4:06 of 1st period - Tyson Jost wins face-off versus Alex Killorn in neutral zone.
4:20 of 1st period - Icing by Sami Niku.
4:21 of 1st period - Tyson Jost wins face-off versus Aleksander Barkov in DETROIT Red Wings zone.
4:21 of 1st period - Tyson Jost is hit by Jared McCann.
4:37 of 1st period - Shot by Aleksander Barkov.
4:37 of 1st period - Stopped by Elvis Merzlikins without a rebound.
4:38 of 1st period - Nikita Kucherov wins face-off versus Jamie Benn in DETROIT Red Wings zone.
5:11 of 1st period - Shot by Brandon Hagel.
5:11 of 1st period - Shot Misses the Net.
5:13 of 1st period - Shot by Alex Killorn.
5:13 of 1st period - Goal by Alex Killorn - WASHINGTON Capitals : 1 - DETROIT Red Wings : 1.
5:14 of 1st period - Mike Amadio wins face-off versus Jared McCann in neutral zone.
5:21 of 1st period - Shot by Mike Amadio.
5:21 of 1st period - Stopped by Jordan Binnington without a rebound.
5:22 of 1st period - Aleksander Barkov wins face-off versus Tyson Jost in WASHINGTON Capitals zone.
5:27 of 1st period - Shot by Gabriel Landeskog.
5:27 of 1st period - Deflect By Mike Amadio.
5:27 of 1st period - Shot Blocked by Nick Jensen.
5:56 of 1st period - Sami Niku is hit by Nick Jensen and loses puck.
6:02 of 1st period - Icing by Aleksander Barkov.
6:03 of 1st period - Aleksander Barkov wins face-off versus Jamie Benn in WASHINGTON Capitals zone.
6:12 of 1st period - Shot by Jared McCann.
6:12 of 1st period - Stopped by Elvis Merzlikins without a rebound.
6:13 of 1st period - Mattias Janmark wins face-off versus Mikey Eyssimont in DETROIT Red Wings zone.
7:41 of 1st period - Jared McCann is hit by Jake Bean and loses puck.
8:17 of 1st period - Mikko Rantanen is hit by Frederick Gaudreau and loses puck.
8:32 of 1st period - Shot by Mikko Rantanen.
8:32 of 1st period - Shot Misses the Net.
9:01 of 1st period - Nikita Kucherov is hit by Devon Toews and loses puck.
9:04 of 1st period - Shot by Brandon Hagel.
9:04 of 1st period - Shot Blocked by Devon Toews.
9:24 of 1st period - Icing by Erik Karlsson.
9:25 of 1st period - Dryden Hunt wins face-off versus Jamie Benn in DETROIT Red Wings zone.
9:55 of 1st period - Shot by Dryden Hunt.
9:55 of 1st period - Stopped by Elvis Merzlikins with a rebound.
9:57 of 1st period - Shot by Givani Smith.
9:57 of 1st period - Shot Misses the Net.
9:59 of 1st period - Shot by Givani Smith.
9:59 of 1st period - Deflect By Joel Kiviranta.
9:59 of 1st period - Goal by Joel Kiviranta - WASHINGTON Capitals : 2 - DETROIT Red Wings : 1.
10:00 of 1st period - Drake Batherson wins face-off versus Alex Killorn in neutral zone.
10:15 of 1st period - Shot by Alex Killorn.
10:15 of 1st period - Shot Blocked by Morgan Rielly.
10:17 of 1st period - Shot by Nikita Kucherov.
10:17 of 1st period - Shot Misses the Net.
10:24 of 1st period - Brandon Hagel is hit by Nikita Zadorov and loses puck.
10:39 of 1st period - Shot by Alex Killorn.
10:39 of 1st period - Stopped by Elvis Merzlikins without a rebound.
10:40 of 1st period - Mikey Eyssimont wins face-off versus Mattias Janmark in DETROIT Red Wings zone.
11:00 of 1st period - Shot by Denis Gurianov.
11:00 of 1st period - Stopped by Elvis Merzlikins with a rebound.
11:02 of 1st period - Shot by Andreas Johnsson.
11:02 of 1st period - Stopped by Elvis Merzlikins without a rebound.
11:03 of 1st period - Tyson Jost wins face-off versus Aleksander Barkov in DETROIT Red Wings zone.
11:17 of 1st period - Jared McCann is hit by Tyson Jost and loses puck.
11:19 of 1st period - Minor Penalty to Gabriel Landeskog for Roughing.
11:20 of 1st period - Alex Killorn wins face-off versus Jamie Benn in DETROIT Red Wings zone.
11:51 of 1st period - Shot by Alex Killorn.
11:51 of 1st period - Stopped by Elvis Merzlikins with a rebound.
11:53 of 1st period - Shot by Shea Theodore.
11:53 of 1st period - Deflect By Nikita Kucherov.
11:53 of 1st period - Stopped by Elvis Merzlikins without a rebound.
11:54 of 1st period - Jamie Benn wins face-off versus Aleksander Barkov in DETROIT Red Wings zone.
11:54 of 1st period - Jamie Benn is hit by Jared McCann.
12:16 of 1st period - Shot by Frederick Gaudreau.
12:16 of 1st period - Stopped by Elvis Merzlikins without a rebound.
12:17 of 1st period - Nathan Mackinnon wins face-off versus Alex Killorn in DETROIT Red Wings zone.
13:35 of 1st period - Shot by Mike Amadio.
13:35 of 1st period - Stopped by Jordan Binnington without a rebound.
13:36 of 1st period - Dryden Hunt wins face-off versus Drake Batherson in WASHINGTON Capitals zone.
13:46 of 1st period - Off-side.
13:47 of 1st period - Tyson Jost wins face-off versus Aleksander Barkov in neutral zone.
14:21 of 1st period - Icing by Sean Walker.
14:22 of 1st period - Jamie Benn wins face-off versus Aleksander Barkov in WASHINGTON Capitals zone.
15:05 of 1st period - Shot by Jake DeBrusk.
15:05 of 1st period - Deflect By Nathan Mackinnon.
15:05 of 1st period - Stopped by Jordan Binnington with a rebound.
15:07 of 1st period - Shot by Nikita Zadorov.
15:07 of 1st period - Shot Blocked by Brandon Hagel.
16:15 of 1st period - Minor Penalty to Devon Toews for Hooking.
16:16 of 1st period - Aleksander Barkov wins face-off versus Jamie Benn in DETROIT Red Wings zone.
16:16 of 1st period - Aleksander Barkov is hit by Nikita Zadorov.
16:25 of 1st period - Minor Penalty to Nikita Zadorov for Slashing.
16:26 of 1st period - Jamie Benn wins face-off versus Alex Killorn in DETROIT Red Wings zone.
16:45 of 1st period - Shot by Joel Hanley.
16:45 of 1st period - Shot Misses the Net.
17:16 of 1st period - Erik Karlsson is hit by Frederick Gaudreau and loses puck.
17:31 of 1st period - Shot by Jared McCann.
17:31 of 1st period - Shot Misses the Net.
17:33 of 1st period - Shot by Nick Jensen.
17:33 of 1st period - Shot Blocked by Jake Bean.
17:35 of 1st period - Shot by Frederick Gaudreau.
17:35 of 1st period - Shot Misses the Net.
17:37 of 1st period - Shot by Nick Jensen.
17:37 of 1st period - Stopped by Elvis Merzlikins without a rebound.
17:38 of 1st period - Alex Killorn wins face-off versus Jamie Benn in DETROIT Red Wings zone.
17:43 of 1st period - Shot by Nikita Kucherov.
17:43 of 1st period - Stopped by Elvis Merzlikins without a rebound.
17:44 of 1st period - Jared McCann wins face-off versus Jamie Benn in DETROIT Red Wings zone.
17:55 of 1st period - Shot by Jared McCann.
17:55 of 1st period - Stopped by Elvis Merzlikins without a rebound.
17:56 of 1st period - Jamie Benn wins face-off versus Alex Killorn in DETROIT Red Wings zone.
18:16 of 1st period - Icing by Joel Hanley.
18:17 of 1st period - Jamie Benn wins face-off versus Alex Killorn in WASHINGTON Capitals zone.
18:34 of 1st period - Shot by Jared McCann.
18:34 of 1st period - Shot Misses the Net.
18:36 of 1st period - Shot by Nick Jensen.
18:36 of 1st period - Goal by Nick Jensen - WASHINGTON Capitals : 3 - DETROIT Red Wings : 1.
18:37 of 1st period - Tyson Jost wins face-off versus Denis Gurianov in neutral zone.
18:59 of 1st period - Shot by Sean Walker.
18:59 of 1st period - Shot Misses the Net.
19:05 of 1st period - Shot by Andreas Johnsson.
19:05 of 1st period - Stopped by Elvis Merzlikins with a rebound.
19:07 of 1st period - Shot by Denis Gurianov.
19:07 of 1st period - Deflect By Andreas Johnsson.
19:07 of 1st period - Shot Misses the Net.
19:09 of 1st period - Shot by Mikey Eyssimont.
19:09 of 1st period - Stopped by Elvis Merzlikins without a rebound.
19:10 of 1st period - Jamie Benn wins face-off versus Aleksander Barkov in DETROIT Red Wings zone.
19:10 of 1st period - Jamie Benn is hit by Aleksander Barkov.
19:21 of 1st period - Icing by Joel Hanley.
19:22 of 1st period - Aleksander Barkov wins face-off versus Drake Batherson in WASHINGTON Capitals zone.
19:31 of 1st period - Shot by Aleksander Barkov.
19:31 of 1st period - Stopped by Elvis Merzlikins with a rebound.
19:33 of 1st period - Shot by Joel Hanley.
19:33 of 1st period - Stopped by Elvis Merzlikins without a rebound.
19:34 of 1st period - Jamie Benn wins face-off versus Alex Killorn in DETROIT Red Wings zone.
19:38 of 1st period - Devon Toews is hit by Nick Jensen.
19:49 of 1st period - Icing by Nick Jensen.
19:50 of 1st period - Alex Killorn wins face-off versus Drake Batherson in WASHINGTON Capitals zone.
19:50 of 1st period - Brandon Hagel is hit by Valeri Nichushkin and loses puck.
Goals for this period are 3 for WASHINGTON Capitals vs 1 for DETROIT Red Wings.
Shots for this period are 21 for WASHINGTON Capitals vs 6 for DETROIT Red Wings.

2nd period


0:01 of 2nd period - Jared McCann wins face-off versus Jamie Benn in neutral zone.
1:07 of 2nd period - Shot by Alex Killorn.
1:07 of 2nd period - Stopped by Elvis Merzlikins with a rebound.
1:32 of 2nd period - Off-side.
1:33 of 2nd period - Dryden Hunt wins face-off versus Tyson Jost in neutral zone.
2:07 of 2nd period - Shot by Tyson Jost.
2:07 of 2nd period - Stopped by Jordan Binnington without a rebound.
2:08 of 2nd period - Mattias Janmark wins face-off versus Aleksander Barkov in WASHINGTON Capitals zone.
3:29 of 2nd period - Shot by Drake Batherson.
3:29 of 2nd period - Stopped by Jordan Binnington without a rebound.
3:30 of 2nd period - Tyson Jost wins face-off versus Andreas Johnsson in WASHINGTON Capitals zone.
3:35 of 2nd period - Shot by Gabriel Landeskog.
3:35 of 2nd period - Stopped by Jordan Binnington without a rebound.
3:36 of 2nd period - Mikey Eyssimont wins face-off versus Drake Batherson in WASHINGTON Capitals zone.
3:36 of 2nd period - Andreas Johnsson is hit by Drake Batherson and loses puck.
3:49 of 2nd period - Shot by Valeri Nichushkin.
3:49 of 2nd period - Stopped by Jordan Binnington without a rebound.
3:50 of 2nd period - Aleksander Barkov wins face-off versus Jamie Benn in WASHINGTON Capitals zone.
4:00 of 2nd period - Jared McCann is hit by Sami Niku and loses puck.
4:03 of 2nd period - Shot by Aleksander Barkov.
4:03 of 2nd period - Shot Misses the Net.
4:05 of 2nd period - Shot by Aleksander Barkov.
4:05 of 2nd period - Stopped by Elvis Merzlikins without a rebound.
4:06 of 2nd period - Drake Batherson wins face-off versus Alex Killorn in DETROIT Red Wings zone.
4:06 of 2nd period - Drake Batherson is hit by Nikita Kucherov.
4:14 of 2nd period - Shot by Devon Toews.
4:14 of 2nd period - Stopped by Jordan Binnington with a rebound.
4:24 of 2nd period - Shot by Brandon Hagel.
4:24 of 2nd period - Deflect By Nikita Kucherov.
4:24 of 2nd period - Shot Misses the Net.
4:26 of 2nd period - Shot by Haydn Fleury.
4:26 of 2nd period - Stopped by Elvis Merzlikins without a rebound.
4:27 of 2nd period - Aleksander Barkov wins face-off versus Jamie Benn in DETROIT Red Wings zone.
4:28 of 2nd period - Shot by Frederick Gaudreau.
4:28 of 2nd period - Stopped by Elvis Merzlikins without a rebound.
4:29 of 2nd period - Nathan Mackinnon wins face-off versus Aleksander Barkov in DETROIT Red Wings zone.
4:29 of 2nd period - Nathan Mackinnon is hit by Aleksander Barkov.
4:32 of 2nd period - Devon Toews is hit by Jared McCann and loses puck.
4:59 of 2nd period - Shot by Frederick Gaudreau.
4:59 of 2nd period - Shot Misses the Net.
5:02 of 2nd period - Icing by Nathan Mackinnon.
5:03 of 2nd period - Jamie Benn wins face-off versus Alex Killorn in DETROIT Red Wings zone.
5:46 of 2nd period - Shot by Valeri Nichushkin.
5:46 of 2nd period - Stopped by Jordan Binnington without a rebound.
5:47 of 2nd period - Aleksander Barkov wins face-off versus Tyson Jost in WASHINGTON Capitals zone.
7:04 of 2nd period - Shot by Mikko Rantanen.
7:04 of 2nd period - Stopped by Jordan Binnington without a rebound.
7:05 of 2nd period - Alex Killorn wins face-off versus Jamie Benn in WASHINGTON Capitals zone.
7:29 of 2nd period - Shot by Jake DeBrusk.
7:29 of 2nd period - Shot Misses the Net.
7:31 of 2nd period - Shot by Devon Toews.
7:31 of 2nd period - Shot Misses the Net.
7:37 of 2nd period - Shot by Jake DeBrusk.
7:37 of 2nd period - Stopped by Jordan Binnington without a rebound.
7:38 of 2nd period - Mikey Eyssimont wins face-off versus Mikko Rantanen in WASHINGTON Capitals zone.
7:38 of 2nd period - Mikey Eyssimont is hit by Drake Batherson.
7:46 of 2nd period - Shot by Andreas Johnsson.
7:46 of 2nd period - Goal by Andreas Johnsson - WASHINGTON Capitals : 4 - DETROIT Red Wings : 1.
7:47 of 2nd period - Aleksander Barkov wins face-off versus Drake Batherson in neutral zone.
7:47 of 2nd period - Jared McCann is hit by Drake Batherson and loses puck.
7:52 of 2nd period - Shot by Drake Batherson.
7:52 of 2nd period - Shot Misses the Net.
8:18 of 2nd period - Shot by Mikko Rantanen.
8:18 of 2nd period - Goal by Mikko Rantanen - WASHINGTON Capitals : 4 - DETROIT Red Wings : 2.
8:19 of 2nd period - Nathan Mackinnon wins face-off versus Alex Killorn in neutral zone.
8:21 of 2nd period - Off-side.
8:22 of 2nd period - Jamie Benn wins face-off versus Alex Killorn in neutral zone.
8:33 of 2nd period - Shot by Nathan Mackinnon.
8:33 of 2nd period - Shot Blocked by Haydn Fleury.
9:53 of 2nd period - Icing by Joel Hanley.
9:54 of 2nd period - Drake Batherson wins face-off versus Aleksander Barkov in WASHINGTON Capitals zone.
10:17 of 2nd period - Shot by Frederick Gaudreau.
10:17 of 2nd period - Shot Misses the Net.
10:53 of 2nd period - Shot by Andreas Johnsson.
10:53 of 2nd period - Deflect By Mikey Eyssimont.
10:53 of 2nd period - Shot Blocked by Nikita Zadorov.
11:00 of 2nd period - Off-side.
11:01 of 2nd period - Dryden Hunt wins face-off versus Mike Amadio in neutral zone.
11:06 of 2nd period - Shot by Joel Kiviranta.
11:06 of 2nd period - Shot Blocked by Sami Niku.
11:17 of 2nd period - Tyson Jost is hit by Nick Jensen and loses puck.
11:20 of 2nd period - Shot by Gabriel Landeskog.
11:20 of 2nd period - Deflect By Mike Amadio.
11:20 of 2nd period - Shot Misses the Net.
11:22 of 2nd period - Shot by Gabriel Landeskog.
11:22 of 2nd period - Stopped by Jordan Binnington with a rebound.
11:24 of 2nd period - Shot by Gabriel Landeskog.
11:24 of 2nd period - Shot Misses the Net.
11:32 of 2nd period - Shot by Mike Amadio.
11:32 of 2nd period - Stopped by Jordan Binnington without a rebound.
11:33 of 2nd period - Mattias Janmark wins face-off versus Mikey Eyssimont in WASHINGTON Capitals zone.
11:42 of 2nd period - Shot by Mattias Janmark.
11:42 of 2nd period - Shot Misses the Net.
11:44 of 2nd period - Shot by Jamie Benn.
11:44 of 2nd period - Deflect By Mattias Janmark.
11:44 of 2nd period - Shot Misses the Net.
11:46 of 2nd period - Shot by Mattias Janmark.
11:46 of 2nd period - Goal by Mattias Janmark - WASHINGTON Capitals : 4 - DETROIT Red Wings : 3.
11:47 of 2nd period - Alex Killorn wins face-off versus Jamie Benn in neutral zone.
12:12 of 2nd period - Shot by Jamie Benn.
12:12 of 2nd period - Stopped by Jordan Binnington without a rebound.
12:13 of 2nd period - Aleksander Barkov wins face-off versus Tyson Jost in WASHINGTON Capitals zone.
12:32 of 2nd period - Tyson Jost is hit by Joel Hanley and loses puck.
12:35 of 2nd period - Shot by Gabriel Landeskog.
12:35 of 2nd period - Stopped by Jordan Binnington without a rebound.
12:36 of 2nd period - Mikey Eyssimont wins face-off versus Jamie Benn in WASHINGTON Capitals zone.
14:24 of 2nd period - Frederick Gaudreau is hit by Drake Batherson and loses puck.
15:35 of 2nd period - Shot by Alex Killorn.
15:35 of 2nd period - Shot Blocked by Nikita Zadorov.
16:20 of 2nd period - Minor Penalty to Haydn Fleury for High sticking.
16:21 of 2nd period - Aleksander Barkov wins face-off versus Jamie Benn in WASHINGTON Capitals zone.
16:21 of 2nd period - Aleksander Barkov is hit by Jamie Benn.
17:32 of 2nd period - Shot by Morgan Rielly.
17:32 of 2nd period - Stopped by Jordan Binnington without a rebound.
17:33 of 2nd period - Aleksander Barkov wins face-off versus Drake Batherson in WASHINGTON Capitals zone.
18:33 of 2nd period - Shot by Mike Amadio.
18:33 of 2nd period - Shot Misses the Net.
18:35 of 2nd period - Shot by Gabriel Landeskog.
18:35 of 2nd period - Stopped by Jordan Binnington with a rebound.
18:37 of 2nd period - Shot by Sami Niku.
18:37 of 2nd period - Stopped by Jordan Binnington with a rebound.
18:39 of 2nd period - Shot by Sami Niku.
18:39 of 2nd period - Shot Blocked by Haydn Fleury.
18:59 of 2nd period - Shot by Tyson Jost.
18:59 of 2nd period - Shot Misses the Net.
19:30 of 2nd period - Jake DeBrusk is hit by Denis Gurianov and loses puck.
19:56 of 2nd period - Icing by Denis Gurianov.
19:57 of 2nd period - Drake Batherson wins face-off versus Andreas Johnsson in WASHINGTON Capitals zone.
Goals for this period are 1 for WASHINGTON Capitals vs 2 for DETROIT Red Wings.
Shots for this period are 5 for WASHINGTON Capitals vs 17 for DETROIT Red Wings.

3rd period


0:01 of 3rd period - Jamie Benn wins face-off versus Aleksander Barkov in neutral zone.
0:01 of 3rd period - Erik Karlsson is hit by Jared McCann and loses puck.
1:22 of 3rd period - Shot by Alex Killorn.
1:22 of 3rd period - Shot Misses the Net.
1:24 of 3rd period - Shot by Nick Jensen.
1:24 of 3rd period - Shot Misses the Net.
1:48 of 3rd period - Mikko Rantanen is hit by Nikita Kucherov and loses puck.
2:27 of 3rd period - Shot by Gabriel Landeskog.
2:27 of 3rd period - Stopped by Jordan Binnington with a rebound.
2:29 of 3rd period - Shot by Sami Niku.
2:29 of 3rd period - Stopped by Jordan Binnington without a rebound.
2:30 of 3rd period - Jamie Benn wins face-off versus Dryden Hunt in WASHINGTON Capitals zone.
4:09 of 3rd period - Shot by Frederick Gaudreau.
4:09 of 3rd period - Stopped by Elvis Merzlikins with a rebound.
4:35 of 3rd period - Shot by Alex Killorn.
4:35 of 3rd period - Shot Misses the Net.
4:42 of 3rd period - Icing by Tyson Jost.
4:43 of 3rd period - Tyson Jost wins face-off versus Mikey Eyssimont in DETROIT Red Wings zone.
4:55 of 3rd period - Minor Penalty to Jamie Benn for Hooking.
4:56 of 3rd period - Mikko Rantanen wins face-off versus Alex Killorn in DETROIT Red Wings zone.
5:18 of 3rd period - Shot by Brandon Hagel.
5:18 of 3rd period - Stopped by Elvis Merzlikins with a rebound.
5:24 of 3rd period - Shot by Shea Theodore.
5:24 of 3rd period - Shot Misses the Net.
5:26 of 3rd period - Shot by Brandon Hagel.
5:26 of 3rd period - Shot Misses the Net.
6:43 of 3rd period - Shot by Shea Theodore.
6:43 of 3rd period - Stopped by Elvis Merzlikins without a rebound.
6:44 of 3rd period - Alex Killorn wins face-off versus Mikko Rantanen in DETROIT Red Wings zone.
7:09 of 3rd period - Shot by Andreas Johnsson.
7:09 of 3rd period - Stopped by Elvis Merzlikins with a rebound.
7:34 of 3rd period - Icing by Sami Niku.
7:35 of 3rd period - Mattias Janmark wins face-off versus Aleksander Barkov in DETROIT Red Wings zone.
8:04 of 3rd period - Shot by Frederick Gaudreau.
8:04 of 3rd period - Shot Misses the Net.
8:12 of 3rd period - Shot by Jared McCann.
8:12 of 3rd period - Shot Hit the Post.
8:14 of 3rd period - Shot by Frederick Gaudreau.
8:14 of 3rd period - Goal by Frederick Gaudreau - WASHINGTON Capitals : 5 - DETROIT Red Wings : 3.
8:15 of 3rd period - Drake Batherson wins face-off versus Alex Killorn in neutral zone.
8:17 of 3rd period - Off-side.
8:18 of 3rd period - Drake Batherson wins face-off versus Nikita Kucherov in neutral zone.
8:18 of 3rd period - Drake Batherson is hit by Alex Killorn.
8:50 of 3rd period - Nikita Kucherov is hit by Drake Batherson and loses puck.
8:57 of 3rd period - Shot by Alex Killorn.
8:57 of 3rd period - Shot Misses the Net.
9:08 of 3rd period - Icing by Devon Toews.
9:09 of 3rd period - Aleksander Barkov wins face-off versus Drake Batherson in DETROIT Red Wings zone.
9:19 of 3rd period - Frederick Gaudreau is hit by Devon Toews and loses puck.
9:30 of 3rd period - Shot by Jared McCann.
9:30 of 3rd period - Deflect By Aleksander Barkov.
9:30 of 3rd period - Shot Misses the Net.
9:32 of 3rd period - Shot by Frederick Gaudreau.
9:32 of 3rd period - Deflect By Jared McCann.
9:32 of 3rd period - Stopped by Elvis Merzlikins with a rebound.
9:53 of 3rd period - Icing by Joel Hanley.
9:54 of 3rd period - Aleksander Barkov wins face-off versus Jamie Benn in WASHINGTON Capitals zone.
9:54 of 3rd period - Aleksander Barkov is hit by Jamie Benn.
10:09 of 3rd period - Icing by Morgan Rielly.
10:10 of 3rd period - Jake DeBrusk wins face-off versus Alex Killorn in DETROIT Red Wings zone.
10:36 of 3rd period - Minor Penalty to Jamie Benn for Cross-checking.
10:37 of 3rd period - Gabriel Landeskog wins face-off versus Aleksander Barkov in DETROIT Red Wings zone.
11:00 of 3rd period - Shot by Frederick Gaudreau.
11:00 of 3rd period - Stopped by Elvis Merzlikins with a rebound.
13:12 of 3rd period - Ben Meyers is hit by Slater Koekkoek.
13:46 of 3rd period - Denis Gurianov is hit by Nikita Zadorov and loses puck.
14:10 of 3rd period - Haydn Fleury is hit by Devon Toews and loses puck.
14:17 of 3rd period - Mikey Eyssimont is hit by Gabriel Landeskog and loses puck.
14:25 of 3rd period - Icing by Andreas Johnsson.
14:26 of 3rd period - Jamie Benn wins face-off versus Mikey Eyssimont in WASHINGTON Capitals zone.
14:27 of 3rd period - Shot by Nathan Mackinnon.
14:27 of 3rd period - Stopped by Jordan Binnington without a rebound.
14:28 of 3rd period - Jamie Benn wins face-off versus Frederick Gaudreau in WASHINGTON Capitals zone.
15:11 of 3rd period - Shot by Frederick Gaudreau.
15:11 of 3rd period - Stopped by Elvis Merzlikins without a rebound.
15:12 of 3rd period - Alex Killorn wins face-off versus Drake Batherson in DETROIT Red Wings zone.
15:15 of 3rd period - Shot by Brandon Hagel.
15:15 of 3rd period - Deflect By Alex Killorn.
15:15 of 3rd period - Stopped by Elvis Merzlikins without a rebound.
15:16 of 3rd period - Drake Batherson wins face-off versus Alex Killorn in DETROIT Red Wings zone.
15:43 of 3rd period - Shot by Alex Killorn.
15:43 of 3rd period - Stopped by Elvis Merzlikins without a rebound.
15:44 of 3rd period - Jamie Benn wins face-off versus Mikey Eyssimont in DETROIT Red Wings zone.
15:55 of 3rd period - Shot by Jake DeBrusk.
15:55 of 3rd period - Stopped by Jordan Binnington without a rebound.
15:56 of 3rd period - Tyson Jost wins face-off versus Aleksander Barkov in WASHINGTON Capitals zone.
16:25 of 3rd period - Erik Karlsson is hit by Frederick Gaudreau and loses puck.
17:18 of 3rd period - Joel Hanley is hit by Nikita Zadorov and loses puck.
18:11 of 3rd period - Shot by Drake Batherson.
18:11 of 3rd period - Stopped by Jordan Binnington without a rebound.
18:12 of 3rd period - Dryden Hunt wins face-off versus Drake Batherson in WASHINGTON Capitals zone.
18:12 of 3rd period - Dryden Hunt is hit by Drake Batherson.
19:05 of 3rd period - Icing by Haydn Fleury.
19:06 of 3rd period - Dryden Hunt wins face-off versus Mike Amadio in WASHINGTON Capitals zone.
19:06 of 3rd period - Dryden Hunt is hit by Gabriel Landeskog.
19:36 of 3rd period - Shot by Tyson Jost.
19:36 of 3rd period - Shot Misses the Net.
19:42 of 3rd period - Jake Bean is hit by Frederick Gaudreau and loses puck.
19:54 of 3rd period - Jared McCann is hit by Sami Niku and loses puck.
Goals for this period are 1 for WASHINGTON Capitals vs 0 for DETROIT Red Wings.
Shots for this period are 10 for WASHINGTON Capitals vs 5 for DETROIT Red Wings.